 Dungeon Crawl Stone Soup version 0.29.1-12-g30fa7ad0bf (webtiles) character file.

Game seed: 5464057294222552590

410 MisterFreud the Twirler (level 7, -3/52 HPs)
             Began as a Formicid Gladiator on Jan 17, 2023.
             Slain by a wyvern (11 damage)
             ... on level 8 of the Dungeon.
             The game lasted 00:04:27 (5115 turns).

MisterFreud the Twirler (Formicid Gladiator)        Turns: 5115, Time: 00:04:28

Health: -3/52      AC:  4    Str: 20    XL:     7   Next: 13%
Magic:  7/7        EV: 13    Int:  8    God:
Gold:   176        SH:  0    Dex: 20    Spells: 6/6 levels left

rFire   . . .      SeeInvis +   o - +7 great mace of Fortitude {vamp, Will+ Dex+5 Stlth+}
rCold   . . .      Faith    .   (no shield)
rNeg    . . .      Spirit   .   b - +1 leather armour
rPois   .          Reflect  .   (helmet unavailable)
rElec   .          Harm     .   (no cloak)
rCorr   .          Rampage  .   (no gloves)
Will    +....                   (no boots)
Stlth   ++........              (no amulet)
HPRegen 0.17/turn               (no ring)
MPRegen 0.10/turn               (no ring)

@: no status effects
A: permanent stasis, dig shafts and tunnels, antennae 3, four strong arms
a: Dig, Shaft Self


You were on level 8 of the Dungeon.
You visited 1 branch of the dungeon, and saw 6 of its levels.

You collected 176 gold pieces.

Inventory:

Hand Weapons
 a - a +1 quarterstaff
 o - the +7 great mace of Fortitude (weapon) {vamp, Will+ Dex+5 Stlth+}
   (You found it on level 5 of the Dungeon)

   It occasionally heals its wielder for a portion of the damage dealt when it
   wounds a living foe.
   Dex:       It affects your dexterity (+5).
   Will:      It increases your willpower.
   Stlth:     It makes you more stealthy.
Missiles
 c - 3 throwing nets (quivered)
Armour
 b - a +1 leather armour (worn)
Scrolls
 e - a scroll of enchant weapon
Potions
 f - a potion of might
 g - a potion of magic
 h - a potion of flight {unknown}
 i - 2 potions of curing
 j - 6 potions of brilliance
 k - a potion of haste {unknown}
 l - a potion of heal wounds {unknown}
 p - 2 potions of degeneration {unknown}


   Skills:
 - Level 3.4 Fighting
 + Level 2.4(4.5) Maces & Flails
 - Level 6.0(6.2) Staves
 - Level 2.0 Throwing
 - Level 2.4 Armour
 - Level 2.6 Dodging


You had 6 spell levels left.
You didn't know any spells.
Your spell library contained the following spells:

 Spells                   Type           Power      Damage    Failure   Level
 Slow                     Hex            0%         N/A       45%         1
 Call Canine Familiar     Summ           0%         N/A       83%         3
 Confusing Touch          Hex            0%         N/A       83%         3
 Portal Projectile        Hex/Tloc       0%         N/A       83%         3
 Vampiric Draining        Necr           0%         2d6       83%         3
 Leda's Liquefaction      Hex/Erth       0%         N/A       99%         4


Dungeon Overview and Level Annotations

Branches:
Dungeon (8/15)
 Temple: D:4-7         Lair: D:8-11

Altars:
Elyvilon
Kikubaaqudgha


Innate Abilities, Weirdness & Mutations

You cannot be hasted, slowed, berserked, paralysed or teleported.
You can dig through walls and to a lower floor.
You have a pair of large antennae on your head. (SInv)
Your four strong arms can wield two-handed weapons with a shield.


Message History

Are you sure you want to shaft yourself?
You begin to dig a shaft.
You continue digging a shaft.
A shaft appears beneath you!
You fall into a shaft and drop 3 floors!
The shaft crumbles and collapses.
Found 14 gold pieces and a long sword.
Found a stone staircase leading down.
You start resting.
HP restored.
You now have 176 gold pieces (gained 14).
Found a sling.
e - a scroll of enchant weapon A wyvern comes into view.
Found a twisted lead wand.
A wyvern is nearby!
The wyvern hisses angrily.
Throw: javelin
Press: ? - help, Shift-Dir - straight line, f - wyvern
Aim: a wyvern (64% to hit)
You throw a javelin. The javelin pierces through the wyvern.
The wyvern is lightly wounded.
Unknown command.
Unknown command.
You sock the wyvern!
The wyvern is moderately wounded.
The wyvern closely misses you. The wyvern bites you.
You sock the wyvern!
You feel better.
The wyvern is severely wounded.
The wyvern bites you!
The wyvern bites you but does no damage.
You hit the wyvern but do no damage.
The wyvern is severely wounded.
The wyvern bites you. The wyvern bites you! x2
* * * LOW HITPOINT WARNING * * *
You barely miss the wyvern.
The wyvern is severely wounded.
The wyvern misses you. The wyvern closely misses you.
You barely miss the wyvern.
The wyvern is severely wounded.
The wyvern misses you. The wyvern bites you!
You die...

.##. #.#........#
# #. #.##.......#
#.##.......# #.
#.##.......# ...
#.##.......# ....
#.##.......#
....###.##.......#
........##.....
###....@...#
.≈...#.l##..#
...#..#.###.# P.
##.#.....# P
..#...../...
P.≈#.....#... .P.
#....).... P.#
#..(...## #.....##


You could see a wyvern.

Vanquished Creatures
  A phantom (D:5)
  A gnoll sergeant (D:5)
  A howler monkey (D:5)
  A hound (D:5)
  2 orc wizards (D:3)
  6 adders
  3 gnolls (D:4)
  A worm (D:3)
  A dart slug (D:1)
  3 orcs
  5 endoplasms
  4 giant cockroaches
  4 goblins
  6 hobgoblins
  4 quokkas
  8 ball pythons
  6 bats
  A frilled lizard (D:2)
  6 kobolds
  4 rats
68 creatures vanquished.

Notes
Turn   | Place    | Note
-------+----------+-------------------------------------------
     0 | D:1      | MisterFreud the Formicid Gladiator began the quest for the
                  | Orb.
     0 | D:1      | Reached XP level 1. HP: 16/16 MP: 1/1
   398 | D:1      | Reached XP level 2. HP: 9/22 MP: 2/2
   886 | D:1      | Found a faded altar of an unknown god.
  1386 | D:2      | Reached skill level 4 in Staves
  1386 | D:2      | Reached XP level 3. HP: 24/27 MP: 3/3
  1856 | D:2      | Found an ancient bone altar of Kikubaaqudgha.
  1930 | D:2      | Reached XP level 4. HP: 30/33 MP: 4/4
  2439 | D:3      | Reached skill level 5 in Staves
  2447 | D:3      | Reached XP level 5. HP: 23/38 MP: 5/5
  2721 | D:3      | Found a white marble altar of Elyvilon.
  3387 | D:5      | Entered Level 5 of the Dungeon
  3397 | D:5      | Reached skill level 6 in Staves
  3447 | D:5      | Noticed a phantom
  3467 | D:5      | Killed a phantom
  3468 | D:5      | Reached XP level 6. HP: 10/47 MP: 6/6
  3764 | D:5      | Identified the +7 great mace of Fortitude {vamp, Will+
                  | Dex+5 Stlth+}
  3981 | D:4      | Reached skill level 1 in Maces & Flails
  4898 | D:5      | Reached XP level 7. HP: 24/52 MP: 7/7
  4900 | D:5      | You fall into a shaft and drop 3 floors!
  5104 | D:8      | Noticed a wyvern
  5115 | D:8      | Slain by a wyvern

Illustrated notes

Levels and vault maps discovered:
D:1:      dpeg_arrival_water_temple_mockup, layout_loops_corners,
          shapermc_ecumenical_altar_mp_ritualfount, minmay_misc_feat_alley,
          minmay_heptomino_d4
D:2:      layout_rooms, basic_altar
D:3:      layout_basic, elyvilon_altar_5
D:4:      layout_layer_cave, dk_vineyard_2
D:5:      layout_loops_ring, lemuel_tele_altar
D:8:      layout_rooms, nicolae_dithmenos_through_a_glass_darkly,
          dpeg_oklobed_lair, minmay_misc_feat_cross

Skill      XL: |  1  2  3  4  5  6 |
---------------+-------------------+-----
Staves         | 4 5 6 |  6.0
Fighting       | 3 |  3.4
Armour         | 2 |  2.4
Maces & Flails | 2 |  2.4
Throwing       | |  2.0
Dodging        | |  2.6

Action                   |  1- 3 |  4- 6 |  7- 9 || total
-------------------------+-------+-------+-------++-------
Melee: Quarterstaff      |   100 |   109 |       ||   209
       Great mace        |       |    28 |     5 ||    33
Throw: Javelin           |       |       |     1 ||     1
 Abil: Shaft Self        |       |       |     1 ||     1
  Use: Scroll            |     3 |     6 |       ||     9
 Stab: Sleeping          |     3 |     2 |       ||     5
       Distracted        |       |     1 |       ||     1
Armor: Leather armour    |    34 |    19 |     1 ||    54
Dodge: Dodged            |    82 |    88 |     4 ||   174
